 Dungeon Crawl Stone Soup version 0.17.0-24-gcfadda4 (webtiles) character file.

123 lucasterio the Magician (level 4, -9/24 HPs)
             Began as a Deep Elf Ice Elementalist on Nov 16, 2015.
             Killed by divine providence
             ... invoked by an orc priest
              (14 damage)
             ... on level 3 of the Dungeon.
             The game lasted 00:15:08 (3116 turns).

lucasterio the Magician (Deep Elf Ice Elementalist) Turns: 3116, Time: 00:15:08

Health: -9/24      AC:  2    Str:  5    XL:     4   Next: 79%
Magic:  8/13       EV: 13    Int: 21    God:
Gold:   88         SH:  0    Dex: 15    Spells: 2 memorised, 11 levels left

rFire  . . .     SeeInvis .     e - +0 dagger
rCold  . . .     Clarity  .     a - +0 robe
rNeg   . . .     SustAt   .     (no shield)
rPois  .         Gourm    .     (no helmet)
rElec  .         Spirit   .     (no cloak)
rCorr  .         Warding  .     (no gloves)
rMut   .         Stasis   .     (no boots)
MR     .....                    (no amulet)
Stlth  +.........               (no ring)
                                (no ring)

@: confused, very slightly contaminated, not resistant to hostile enchantments,
very unstealthy
A: no striking features
a: no special abilities


You were on level 3 of the Dungeon.
You were not hungry.

You visited 1 branch of the dungeon, and saw 3 of its levels.

You collected 88 gold pieces.

Inventory:

Hand Weapons
 e - a +0 dagger (weapon)
Armour
 a - a +0 robe (worn)
Scrolls
 i - a scroll of magic mapping {unknown}
 j - 3 scrolls of identify {unknown}
 k - a scroll of blinking {unknown}
 o - a scroll of teleportation {unknown}
Potions
 f - a potion of lignification {unknown}
 m - a potion of curing {unknown}
 n - a potion of resistance {unknown}
 q - a potion of agility {unknown}
Books
 b - a book of Frost

   Spells                             Type                      Level
   a - Freeze                         Ice                          1
   b - Throw Frost                    Conjuration/Ice              2
   c - Ozocubu's Armour               Charms/Ice                   3
   d - Throw Icicle                   Conjuration/Ice              4
   e - Summon Ice Beast               Ice/Summoning                4
   f - Condensation Shield            Ice                          4
 l - a book of Alchemy

   Spells                             Type                      Level
   a - Sublimation of Blood           Necromancy                   2
   b - Ignite Poison                  Fire/Transmutation/Poison    3
   c - Alistair's Intoxication        Transmutation/Poison         4
   d - Condensation Shield            Ice                          4
   e - Petrify                        Transmutation/Earth          4
   f - Irradiate                      Conjuration/Transmutation    5
Comestibles
 c - 2 bread rations
 h - a slice of pizza
 p - 8 fruits


   Skills:
 - Level 2.4 Dodging
 - Level 2.4 Stealth
 + Level 5.5 Spellcasting
 - Level 1.1 Conjurations
 + Level 4.6 Ice Magic


You had 11 spell levels left.
You knew the following spells:

 Your Spells              Type           Power        Failure   Level  Hunger
a - Freeze                Ice            ####         1%          1    None
b - Throw Frost           Conj/Ice       ###...       6%          2    None


Dungeon Overview and Level Annotations

Branches:
Dungeon (3/15)

Altars:
Fedhas


Message History

Confirm with . or Enter, or press ? or * to list all spells.
Aiming: Throw Frost
Press: ? - help, Shift-Dir - straight line, f/p - orc wizard
Aim: an orc wizard, wielding a dagger and wearing a robe (heavily wounded)
The puff of frost misses the orc wizard.
The puff of frost hits the orc priest.
The orc priest is moderately wounded.
The orc wizard casts a spell at you. The puff of flame hits you!
The orc wizard casts a spell at you.
You are confused.
You bump into the rock wall.
The orc wizard points at you and mumbles some strange words.
The magic dart hits you!
* * * LOW HITPOINT WARNING * * *
You bump into the rock wall.
The orc priest mumbles some strange prayers to Beogh against you.
Something smites you!
Ouch! That really hurt!
You die...

#...........#####.# #.....# #.
#..............##.###.#######.
#............#.##..........##.
#..........#...##.###.####.##.
#..........#..##### #.# #.##.
##..........#......# #.# #.##.
#.........####.###.###.####.##.
#.........##.................[.
#.........##.#@###.###.#####.#.
#.........##.#.###.# #.# #..#.
#.........'..#.(##.# #.# #.##.
#.........#####.##.# #(# #.##.
#.........# #..#.# #.# #.##.
#.........# ##o#.###.####.##.
#.........# #.#(.........##.
################o#####.#######.
#..[...b.ooo.......


You could see an orc priest and an orc wizard.

Vanquished Creatures
  5 adders
  An ooze (D:3)
  A worm (D:3)
  3 giant geckos
  3 orcs (D:3)
  A ball python (D:2)
  8 bats
  5 giant cockroaches
  11 goblins
  6 hobgoblins
  9 kobolds
  2 giant newts
  6 rats
61 creatures vanquished.

Notes
Turn   | Place    | Note
--------------------------------------------------------------
     0 | D:1      | lucasterio the Deep Elf Ice Elementalist began the quest for the Orb.
     0 | D:1      | Reached XP level 1. HP: 10/10 MP: 6/6
   185 | D:1      | Reached XP level 2. HP: 13/15 MP: 2/8
   189 | D:1      | Learned a level 2 spell: Throw Frost
   742 | D:1      | Reached skill level 4 in Spellcasting
   869 | D:1      | Reached XP level 3. HP: 19/19 MP: 7/10
  1797 | D:2      | Reached XP level 4. HP: 24/24 MP: 3/12
  1930 | D:2      | Found a blossoming altar of Fedhas.
  2017 | D:3      | Reached skill level 5 in Spellcasting
  3116 | D:3      | Killed from afar by an orc priest

Action                   |  1- 3 |  4- 6 || total
-------------------------+-------+-------++-------
Melee: Dagger            |     1 |       ||     1
 Cast: Freeze            |    36 |    23 ||    59
       Throw Frost       |    33 |    19 ||    52
 Stab: Sleeping          |     1 |       ||     1
  Eat: Chunk             |     3 |     3 ||     6
       Beef jerky        |       |     1 ||     1
